 Dungeon Crawl Stone Soup version 0.32-a0-928-g1cae6b7ea0 (webtiles) character file.

Game seed: 4544171107008739669

135 Esekla the Chiller (level 4, -6/32 HPs)
             Began as a Demonspawn Wanderer on Apr 13, 2024.
             Shot with a sling bullet by a hobgoblin (9 damage)
             ... on level 4 of the Dungeon.
             The game lasted 00:14:24 (2267 turns).

Esekla the Chiller (Demonspawn Wanderer)            Turns: 2267, Time: 00:14:25

Health: -6/32      AC:  3    Str: 19    XL:     4   Next: 96%
Magic:  2/7        EV: 10    Int: 15    God:
Gold:   218        SH:  3    Dex: 11    Spells: 1/7 levels left

rFire   . . .        a - +3 mace
rCold   . . .        f - +0 buckler
rNeg    . . .        c - +0 robe
rPois   .            (no helmet)
rElec   .            x - +0 cloak
rCorr   .            (no gloves)
SInv    .            (no boots)
Will    .....        (no amulet)
Stlth   ++           t - +6 ring of strength
HPRegen 0.25/turn    (no ring)
MPRegen 0.20/turn

%: no passive effects
@: very slightly contaminated, wreathed by umbra
A: magic regeneration, weakness stinger 1, foul shadow 1
a: no special abilities


You were on level 4 of the Dungeon.
You visited 1 branch of the dungeon, and saw 4 of its levels.

You collected 218 gold pieces.

Inventory:

Hand Weapons
 a - a +3 mace (weapon)
 r - a +0 spear
 s - a +0 dagger
Missiles
 y - a throwing net (quivered)
Armour
 c - a +0 robe (worn)
 f - a +0 buckler (worn)
 q - the +0 leather armour of Proximity {Int+5 Dex-3 SInv}
   (You found it on level 3 of the Dungeon)

   Int+5:     It affects your intelligence (+5).
   Dex-3:     It affects your dexterity (-3).
   SInv:      It lets you see invisible.
 x - a +0 cloak (worn)
Jewellery
 t - a +6 ring of strength (left hand)
Scrolls
 b - a scroll of blinking
 d - a scroll of vulnerability {unknown}
 g - a scroll of torment {unknown}
 h - a scroll of poison {unknown}
 i - a scroll of fog {unknown}
 k - a scroll of brand weapon {unknown}
 l - a scroll of identify {unknown}
 n - a scroll of teleportation {unknown}
 o - a scroll of noise {unknown}
 v - a scroll of enchant armour {unknown}
 w - 2 scrolls of amnesia {unknown}
 z - a scroll of silence {unknown}
 A - a scroll of fear {unknown}
Potions
 e - a potion of brilliance {unknown}
 j - a potion of mutation {unknown}
 m - a potion of magic {unknown}
 p - 2 potions of curing {unknown}
 u - a potion of heal wounds {unknown}


   Skills:
 * Level 1.5 Fighting
 + Level 1.0 Armour
 + Level 0.6 Dodging
 + Level 1.1 Stealth
 * Level 1.0 Shields
 * Level 2.1 Spellcasting
 * Level 0.5 Conjurations
 - Level 2.6 Fire Magic
 * Level 4.6 Ice Magic


You had one spell level left.
You knew the following spells:

 Your Spells              Type           Power      Damage    Failure   Level
a - Ozocubu's Armour      Ice            15%        N/A       13%         3
r - Frozen Ramparts       Ice            30%        1d5       13%         3

Your spell library contained the following spells:

 Spells                   Type           Power      Damage    Failure   Level
 Freeze                   Ice            60%        1d7       4%          1
 Foxfire                  Conj/Fire      24%        2x1d5     14%         1
 Magic Dart               Conj           12%        1d3       22%         1
 Hailstorm                Conj/Ice       9%         3d6       28%         3
 Searing Ray              Conj           6%         2d4       34%         2
 Inner Flame              Hex/Fire       5%         N/A       43%         3
 Fulminant Prism          Conj/Alch      1%         3d5       94%         4


Dungeon Overview and Level Annotations

Branches:
Dungeon (4/15)
 Temple: D:4-7

Altars:
Yredelemnul


Innate Abilities, Weirdness & Mutations

You regenerate magic rapidly.
You have a small tail.
You are faintly shadowed, very rarely releasing foul flame when damaged in melee.


Message History

The orc closely misses you.
You completely miss the orc.
Your tail-slap misses the orc.
The orc is moderately wounded.
The wall freezes the orc.
The wall freezes the orc but does no damage.
The orc hits you with a +0 hand axe.
The hobgoblin shoots a sling bullet.
The sling bullet barely misses you.
The sling bullet misses the orc.
The hobgoblin shoots a sling bullet.
The sling bullet barely misses you.
The sling bullet hits the orc!
The sling bullet burns the orc.
The orc dies!
The wall freezes the orc but does no damage.
The orc closely misses you.
You hit the orc but do no damage.
Your tail-slap misses the orc.
The orc is moderately wounded.
The wall freezes the orc but does no damage.
The orc hits you with a +0 hand axe.
The hobgoblin shoots a sling bullet.
You block the sling bullet.
You hit the orc but do no damage.
The orc is moderately wounded.
The hobgoblin shoots a sling bullet.
The sling bullet hits you. The sling bullet burns you.
The wall freezes the orc but does no damage.
The orc hits you with a +0 hand axe.
The wall freezes the orc but does no damage.
The orc barely misses you.
The hobgoblin shoots a sling bullet.
The sling bullet barely misses you.
You completely miss the orc.
The orc is moderately wounded.
The hobgoblin shoots a sling bullet.
The sling bullet hits you. The sling bullet burns you.
The wall freezes the orc.
The orc barely misses you.
You sock the orc!
You kill the orc!
The frozen ramparts melt away.
The hobgoblin shoots a sling bullet.
The sling bullet hits you.
* * * LOW HITPOINT WARNING * * *
The sling bullet burns you.
* * * LOW HITPOINT WARNING * * *
The hobgoblin shoots a sling bullet.
The sling bullet hits you!
You die...

.S..## ....... ....##
....... ...... ..........
...... .. ... .......<#
.oo.. ... .w..g..# ...####
... .......###### .......
... ......#....##....... ...
#####....wg...@)..?.... ...
#..............)######. ...
#....................# ...
#................###.# ...
#........##......# .# ...
#........##...######.# ...
..# ###......##........#.#
.... ...
####......#...........##....
..
#.........#.#..............
..


You could see a dart slug and a hobgoblin.

Vanquished Creatures
  A sleepcap (D:4)
  3 gnolls (D:3)
  2 adders (D:3)
  3 ribbon worms (D:2)
  2 orcs
  A ball python (D:3)
  9 endoplasms
  A giant cockroach (D:4)
  5 goblins
  6 hobgoblins
  A quokka (D:4)
  2 bats
  6 frilled lizards
  6 kobolds
  7 rats
55 creatures vanquished.

Vanquished Creatures (others)
  An orc (D:4)
1 creature vanquished.

Grand Total: 56 creatures vanquished

Notes
Turn   | Place    | Note
-------+----------+-------------------------------------------
     0 | D:1      | Esekla the Demonspawn Wanderer began the quest for the Orb.
     0 | D:1      | Esekla set off with the following items: a +0 club, a
                  | scroll of blinking, a +0 robe, a +0 cloak; and the
                  | following spells available to memorise: Freeze, Foxfire,
                  | Frozen Ramparts, Ozocubu's Armour, Inner Flame.
     0 | D:1      | Reached XP level 1. HP: 13/13 MP: 2/2
   430 | D:1      | Gained mutation: You have a small tail. [demonic ancestry]
   430 | D:1      | Reached XP level 2. HP: 19/19 MP: 3/3
   650 | D:2      | Reached skill level 4 in Ice Magic
  1064 | D:2      | Reached skill level 1 in Fighting
  1064 | D:2      | Gained mutation: You regenerate magic rapidly. [demonic
                  | ancestry]
  1064 | D:2      | Reached XP level 3. HP: 24/26 MP: 5/5
  1160 | D:3      | Learned a level 3 spell: Ozocubu's Armour
  1235 | D:3      | Identified the +0 leather armour of Proximity {Int+5 Dex-3
                  | SInv}
  1492 | D:3      | Gained mutation: You are faintly shadowed, very rarely
                  | releasing foul flame when damaged in melee. [demonic
                  | ancestry]
  1492 | D:3      | Reached XP level 4. HP: 31/32 MP: 6/6
  1571 | D:2      | Learned a level 3 spell: Frozen Ramparts
  1699 | D:3      | Found a faded altar of an unknown god.
  1962 | D:3      | Found a basalt altar of Yredelemnul.
  2145 | D:4      | Reached skill level 1 in Shields
  2267 | D:4      | Shot with a sling bullet by a hobgoblin

Illustrated notes

Levels and vault maps discovered:
D:1:      psy_arrival_spokes, layout_rooms, glass_columns_a, hex_tiny,
          eino_curves_01, minmay_misc_feat_pillars, serial_bayou_pond_c
D:2:      layout_loops_ring, minivault_14
D:3:      layout_rooms, mainiacjoe_overflow_alcove_2,
          shapermc_ecumenical_altar_totnotflames, kennysheep_generic_room_9
D:4:      layout_basic

Skill      XL: |  1  2  3  4 |
---------------+-------------+-----
Ice Magic      | 4 |  4.6
Fighting       | 1 |  1.5
Shields        | 1 |  1.0
Spellcasting   | 2 |  2.1
Armour         | |  1.0
Dodging        | |  0.6
Stealth        | |  1.1
Conjurations   | |  0.5
Fire Magic     | |  2.6

Action                     |  1- 3 |  4- 6 || total
---------------------------+-------+-------++-------
  Melee: Club              |     8 |       ||     8
         Whip              |     8 |       ||     8
         Mace              |    79 |    29 ||   108
         Tailslap          |     7 |     5 ||    12
         Dagger            |       |     1 ||     1
  Throw: Throwing net      |       |     1 ||     1
   Cast: Frozen Ramparts   |       |     4 ||     4
         Ozocubu's Armour  |       |     2 ||     2
   Stab: Distracted        |     1 |       ||     1
         Sleeping          |       |     2 ||     2
 Armour: Robe              |    32 |    26 ||    58
  Dodge: Dodged            |    45 |    30 ||    75
  Block: Buckler           |    18 |     8 ||    26

Table legend: (Time is in decaauts)
 A = Elapsed time spent in this place.
 B = Non-inter-level travel time spent in this place.
 C = Inter-level travel time spent in this place.
 D = Time resting spent in this place.
 E = Time spent auto-exploring this place.
 F = Levels seen in this place.
 G = Mean time per level.
                   A        B        C        D        E       F      G
               +--------+--------+--------+--------+--------+-----+--------+
         Total |   2324 |   2231 |     93 |    181 |    649 |   4 |  581.0 |
       Dungeon |   2324 |   2231 |     93 |    181 |    649 |   4 |  581.0 |
               +--------+--------+--------+--------+--------+-----+--------+

Top non-repeatable levels by time:
     D:3: 792 daAuts
     D:2: 659 daAuts
     D:1: 575 daAuts
     D:4: 296 daAuts
